 Dungeon Crawl Stone Soup version 0.22.0-38-g04b72b8 (webtiles) character file.

511 Lew the Sneak (level 7, -6/56 HPs)
             Began as a Formicid Fighter on Aug 31, 2018.
             Mangled by an ogre
             ... wielding a +0 giant club
              (13 damage)
             ... on level 3 of the Dungeon.
             The game lasted 00:11:00 (3552 turns).

Lew the Sneak (Formicid Fighter)                    Turns: 3552, Time: 00:11:03

Health: -6/56      AC:  9    Str: 23    XL:     7   Next: 43%
Magic:  7/7        EV: 10    Int:  8    God:
Gold:   228        SH:  9    Dex: 12    Spells: 6/6 levels left

rFire    . . .     SeeInvis +   k - +3 hand axe
rCold    . . .     Gourm    .   c - +0 shield
rNeg     . . .     Faith    .   b - +0 scale mail
rPois    .         Spirit   .   (helmet unavailable)
rElec    .         Reflect  .   v - +0 cloak
rCorr    .         Harm     .   o - +0 pair of gloves
MR       .....                  (no boots)
Stlth    ++........             (no amulet)
HPRegen  0.18/turn              m - +3 ring of strength
MPRegen  0.10/turn              (no ring)

@: lethally poisoned (-6 -> -17)
A: permanent stasis, dig shafts and tunnels, four strong arms, antennae 3
a: Dig, Shaft Self


You were on level 3 of the Dungeon.
You were not hungry.

You visited 2 branches of the dungeon, and saw 6 of its levels.

You collected 228 gold pieces.

Inventory:

Hand Weapons
 a - a +0 war axe
 k - a +3 hand axe (weapon)
Armour
 b - a +0 scale mail (worn)
 c - a +0 shield (worn)
 o - a +0 pair of gloves (worn)
 v - a +0 cloak (worn)
Jewellery
 m - a +3 ring of strength (left hand)
Scrolls
 g - 3 scrolls of remove curse {unknown}
 h - a scroll of blinking {unknown}
 j - 5 scrolls of identify {unknown}
 n - 2 scrolls of enchant armour {unknown}
 p - a scroll of amnesia {unknown}
 t - 2 scrolls of immolation {unknown}
 u - a scroll of fear {unknown}
Potions
 d - a potion of might
 e - a potion of mutation {unknown}
 i - a potion of berserk rage
 l - 4 potions of heal wounds {unknown}
 q - a potion of lignification {unknown}
 r - a potion of agility {unknown}
 s - 2 potions of curing {unknown}
Comestibles
 f - 7 rations


   Skills:
 - Level 5.0 Fighting
 - Level 2.0 Axes
 - Level 3.2 Armour
 + Level 3.9 Dodging
 + Level 5.8 Stealth
 - Level 3.6 Shields


You had 6 spell levels left.
You didn't know any spells.
Your spell library contained the following spells:

 Spells                   Type           Power        Failure   Level  Hunger
 Beastly Appendage        Tmut           #.....       98%         1    ##.....
 Sticks to Snakes         Tmut           #.......     99%         2    ###....
 Spider Form              Tmut/Pois      #.........   100%        3    ####...
 Ice Form                 Ice/Tmut       #.......     100%        4    #####..
 Blade Hands              Tmut           #.........   100%        5    ######.


Dungeon Overview and Level Annotations

Branches:
Dungeon (5/15)             Temple (1/1) D:5

Altars:
Ashenzari
Cheibriados
Dithmenos
Elyvilon
Fedhas
Gozag
Hepliaklqana
Kikubaaqudgha
Makhleb
Nemelex Xobeh
Okawaru
Qazlal
Ru
Sif Muna
Uskayaw
Vehumet
Wu Jian
Xom
Yredelemnul
Zin

Annotations:
D:3 3 transporters


Innate Abilities, Weirdness & Mutations

You cannot be hasted, slowed, berserked, paralysed or teleported.
You can dig through walls and to a lower floor.
Your four strong arms can wield two-handed weapons with a shield.
You have a pair of large antennae on your head. (SInv)


Message History

The ogre hits you but does no damage.
Unknown command.
You completely miss the worker ant.
The worker ant is severely wounded.
You hit the ogre. The worker ant bites you.
You are poisoned.
The worker ant poisons you!
The worker ant bites you but does no damage.
The ogre hits you with a giant club!!
* * * LOW HITPOINT WARNING * * *
You are too injured to fight recklessly!
Unknown command.
You hit the ogre.
The ogre is severely wounded.
Your shield prevents you from hitting the worker ant.
You feel sick. The worker ant bites you.
* * * LOW HITPOINT WARNING * * *
You are lethally poisoned!
The worker ant poisons you! The ogre hits you with a giant club!
You die...

#.>.........# ######.#########.#
##...##.# #.# ######.......# #.#
##########......©.....#########.#
(....)...'..#########.......>##.#
#####.####.##8.....8##.#####.#..#
#.# #.#....)O...#.# #.#(## #.#
#.#.#.a@..#.#.# #.#.# #.#
#.#..#...#..#.#####.#)# #.#
#.#©........#.....#.#.# #.#
#.#..#...#..#.###.#.#.# #.#
#)#.#.....#.#.# #.#.#.# #.#
#.#..$$..(..#.# #.#.#.# #.#
#.##8.._..8##.###.#.#.# #.#
#..#########......#.#.# #.#
#......©.....'....#.#.#


You could see an ogre and a worker ant.

Vanquished Creatures
  Sigmund (D:3)
  A scorpion (D:5)
  A howler monkey (D:4)
  2 centaur skeletons
  A jelly (D:3)
  Natasha (twice) (D:2)
  A worker ant (D:5)
  4 adders
  A shadow imp (D:5)
  An ooze (D:1)
  A dart slug (D:3)
  4 leopard geckos
  2 orcs
  10 bats
  2 giant cockroaches
  7 goblins
  9 hobgoblins
  A quokka (D:5)
  4 frilled lizards
  6 kobolds
  8 rats
69 creatures vanquished.

Notes
Turn   | Place    | Note
-------+----------+-------------------------------------------
     0 | D:1      | Lew the Formicid Fighter began the quest for the Orb.
     0 | D:1      | Reached XP level 1. HP: 18/18 MP: 1/1
     3 | D:1      | You fall through a shaft!
     6 | D:2      | You fall through a shaft for 2 floors!
     6 | D:4      | Noticed a worker ant
     7 | D:4      | Noticed a scorpion
    87 | D:3      | Found a radiant altar of Vehumet.
    92 | D:3      | Noticed Sigmund
   112 | D:2      | Reached skill level 1 in Stealth
   114 | D:2      | Reached XP level 2. HP: 18/24 MP: 2/2
   363 | D:3      | Noticed an ogre
   366 | D:3      | Found a transporter.
   398 | D:4      | Reached skill level 1 in Dodging
   398 | D:4      | Reached XP level 3. HP: 19/30 MP: 3/3
   553 | D:4      | Reached XP level 4. HP: 37/37 MP: 4/4
   614 | D:5      | Entered Level 5 of the Dungeon
   619 | D:5      | Reached XP level 5. HP: 39/43 MP: 5/5
   787 | D:5      | Reached XP level 6. HP: 22/49 MP: 6/6
  1039 | D:5      | Found a shattered altar of Ashenzari.
  1076 | D:5      | Found a staircase to the Ecumenical Temple.
  1092 | Temple   | Entered the Ecumenical Temple
  2422 | D:2      | Noticed Natasha
  2430 | D:2      | Killed Natasha
  2430 | D:2      | Reached skill level 5 in Fighting
  2456 | D:2      | Found a burning altar of Makhleb.
  2456 | D:2      | Noticed a blizzard demon
  2548 | D:2      | Noticed a neqoxec
  2548 | D:2      | Noticed an orange demon
  2670 | D:2      | Noticed Natasha
  2678 | D:2      | Killed Natasha
  2758 | D:3      | Found a transporter.
  2821 | D:3      | Found a transporter.
  2847 | D:3      | Found a transporter.
  2851 | D:3      | Found an iron altar of Okawaru.
  2981 | D:3      | Killed Sigmund
  2981 | D:3      | Reached skill level 5 in Stealth
  2981 | D:3      | Reached XP level 7. HP: 28/56 MP: 7/7
  3414 | D:3      | Found a deep blue altar of Sif Muna.
  3552 | D:3      | Mangled by an ogre

Skill      XL: |  1  2  3  4  5  6 |
---------------+-------------------+-----
Stealth        | 1 2 3 5 |  5.8
Dodging        | 1 2 3 |  3.9
Fighting       | 4 5 |  5.0
Axes           | |  2.0
Armour         | |  3.2
Shields        | |  3.6

Action                   |  1- 3 |  4- 6 |  7- 9 || total
-------------------------+-------+-------+-------++-------
Melee: War axe           |    43 |     5 |       ||    48
       Hand axe          |       |   144 |    22 ||   166
 Abil: Shaft Self        |     2 |       |       ||     2
       Dig               |       |     6 |       ||     6
 Stab: Sleeping          |       |     1 |       ||     1
  Eat: Chunk             |       |     5 |     1 ||     6
       Ration            |       |     1 |       ||     1
Armor: Scale mail        |    28 |    44 |    18 ||    90
Dodge: Dodged            |    25 |    49 |    14 ||    88
Block: Shield            |    24 |    89 |    16 ||   129
